 Dungeon Crawl Stone Soup version 0.28.0-62-gf88900778d (webtiles) character file.

Game seed: 17889830704733473613

217 cbfl8 the Chopper (level 5, -4/42 HPs)
             Began as a Demonspawn Berserker on June 6, 2023.
             Was a Believer of Trog.
             Slain by a gnoll
             ... wielding a +0 flail
              (9 damage)
             ... on level 4 of the Dungeon.
             The game lasted 00:02:47 (3834 turns).

cbfl8 the Chopper (Demonspawn Berserker)            Turns: 3834, Time: 00:02:47

Health: -4/42      AC:  8    Str: 17    XL:     5   Next: 62%
Magic:  5/5        EV: 10    Int: 14    God:    Trog [**....]
Gold:   74         SH:  0    Dex: 15    Spells: 4/4 levels left

rFire   . . .      SeeInvis .   c - +0 war axe
rCold   . . .      Faith    .   (no shield)
rNeg    . . .      Spirit   .   e - +0 scale mail
rPois   .          Reflect  .   (no helmet)
rElec   .          Harm     .   (no cloak)
rCorr   .          Rampage  .   (no gloves)
Will    .....                   n - +0 pair of boots
Stlth   ..........              (no amulet)
HPRegen 0.14/turn               m - +6 ring of intelligence
MPRegen 0.09/turn               i - ring of flight

@: on berserk cooldown, flying, slowed, very slow
A: claws 1, sharp scales 1
a: Renounce Religion, Berserk, Trog's Hand


You were on level 4 of the Dungeon.
You worshipped Trog.
Trog was pleased with you.
You visited 1 branch of the dungeon, and saw 4 of its levels.

You collected 139 gold pieces.
You spent 65 gold pieces at shops.

Inventory:

Hand Weapons
 c - a +0 war axe (weapon)
Armour
 e - a +0 scale mail (worn)
 n - a +0 pair of boots (worn)
Jewellery
 i - a ring of flight (right claw)
 m - a +6 ring of intelligence (left claw)
Scrolls
 b - a scroll of torment {unknown}
 d - 2 scrolls of fog
 f - a scroll of blinking
 k - a scroll of enchant armour {unknown}
 l - a scroll of teleportation {unknown}
Potions
 a - a potion of lignification {unknown}
 g - 2 potions of flight {unknown}
 h - a potion of berserk rage {unknown}
 j - 2 potions of mutation {unknown}
 p - 2 potions of curing


   Skills:
 + Level 3.8 Fighting
 + Level 4.1 Axes
 + Level 2.4 Armour
 + Level 2.4 Dodging
 + Level 1.0 Stealth
 * Level 1.7 Evocations


You had 4 spell levels left.
You didn't know any spells.
Your spell library was empty.

Dungeon Overview and Level Annotations

Branches:
Dungeon (4/15)
 Temple: D:4-7

Altars:
Nemelex Xobeh
Trog

Shops:
D:2 (   D:3 !


Innate Abilities, Weirdness & Mutations

You have sharp fingernails.
You are partially covered in razor-sharp scales. (AC +1, Slay +1)


Message History

You are too injured to fight recklessly!
Unknown command.
You are too injured to fight recklessly!
You slash the gnoll shaman!
You kill the gnoll shaman!
Trog accepts your kill.
You hit the gnoll. You closely miss the gnoll.
The gnoll hits you with a +0 whip.
* * * LOW HITPOINT WARNING * * *
The gnoll completely misses you. The gnoll hits you with a +0 flail!
* * * LOW HITPOINT WARNING * * *
The gnoll hits you from afar with a +0 spear.
* * * LOW HITPOINT WARNING * * *
The gnoll barely misses you.
You feel a strong urge to attack something.
You feel your anger nearly subside.
You are no longer berserk.
You are exhausted.
You feel yourself slow down.
You feel much better. The gnoll closely misses you.
The gnoll hits you from afar with a +0 halberd!
The gnoll hits you but does no damage. The gnoll barely misses you.
The gnoll barely misses you. The gnoll barely misses you. The gnoll misses you.
The gnoll hits you with a +0 whip. The gnoll hits you with a +0 flail.
* * * LOW HITPOINT WARNING * * *
The gnoll hits you but does no damage. The gnoll hits you with a +0 flail.
* * * LOW HITPOINT WARNING * * *
Found 25 arrows.
The gnoll misses you. The gnoll hits you with a +0 flail.
* * * LOW HITPOINT WARNING * * *
The gnoll hits you from afar with a +0 spear.
* * * LOW HITPOINT WARNING * * *
Okay, then.
It was a potion of curing.
You feel better.
The gnoll hits you from afar with a +0 halberd.
* * * LOW HITPOINT WARNING * * *
The gnoll closely misses you. The gnoll barely misses you. x2
The gnoll misses you. The gnoll hits you with a +0 flail!
You die...

#.......# #.# ####
#######.###.# #.. .
#.......##.# #.#
........#...#.#####.######.##..
##.#.#..###.#.##.......†)......
# #. #...#.##.##............ #.
##.#...#g.g.#........## #
.##.#...#g.#.#......#.#
.........@g#.####...# #
#####......#.# .#.# #........#
.#... (............. .####
####.######### #.# .. ##.


You could see 4 gnolls.

Vanquished Creatures
  A gnoll shaman (D:4)
  Terence (D:2)
  8 gnolls
  An adder (D:2)
  A worm (D:3)
  A dart slug (D:3)
  4 orcs (D:3)
  2 bats
  7 endoplasms
  3 giant cockroaches
  3 goblins
  12 hobgoblins
  2 jackals (D:2)
  5 kobolds
  A quokka (D:2)
  5 ball pythons
  5 frilled lizards
  4 rats
66 creatures vanquished.

Vanquished Creatures (others)
  3 fungi (D:3)
  2 plants (D:3)
5 creatures vanquished.

Grand Total: 71 creatures vanquished

Notes
Turn   | Place    | Note
-------+----------+-------------------------------------------
     0 | D:1      | cbfl8 the Demonspawn Berserker began the quest for the Orb.
     0 | D:1      | Reached XP level 1. HP: 18/18 MP: 1/1
   336 | D:1      | Gained mutation: You are partially covered in razor-sharp
                  | scales. (AC +1, Slay +1) [demonic ancestry]
   336 | D:1      | Reached XP level 2. HP: 24/24 MP: 2/2
  1115 | D:1      | Reached skill level 3 in Axes
  1351 | D:2      | Reached XP level 3. HP: 16/29 MP: 3/3
  1688 | D:2      | Reached ** piety under Trog
  1746 | D:2      | Noticed Terence
  1755 | D:2      | Killed Terence
  1756 | D:2      | Reached skill level 1 in Evocations
  1879 | D:2      | Found Dyh Budu's Antique Weapon Shop.
  1958 | D:2      | Reached skill level 1 in Stealth
  1958 | D:2      | Reached XP level 4. HP: 11/35 MP: 4/4
  1963 | D:2      | HP: 1/52 [gnoll/+0 flail (6)]
  3012 | D:3      | Found a sparkling altar of Nemelex Xobeh.
  3016 | D:3      | Found a bloodstained altar of Trog.
  3080 | D:3      | Found Utoryhila's Distillery.
  3087 | D:3      | Bought a potion of heal wounds for 65 gold pieces
  3220 | D:3      | Gained mutation: You have sharp fingernails. [demonic
                  | ancestry]
  3220 | D:3      | Reached XP level 5. HP: 42/42 MP: 5/5
  3479 | D:3      | Found a faded altar of an unknown god.
  3816 | D:4      | Reached skill level 4 in Axes
  3822 | D:4      | HP: 3/63 [gnoll/+0 spear (5)]
  3833 | D:4      | HP: 1/42 [gnoll/+0 spear (5)]
  3834 | D:4      | Slain by a gnoll

Illustrated notes

Levels and vault maps discovered:
D:1:      dpeg_arrival_rooms_c, layout_loops_ring, minivault_23,
          grunt_decor_mini_mirrors, dk_noncrumbling_2
D:2:      layout_loops_ring, serial_shops, nicolae_shop_crystal, uniq_terence
D:3:      layout_rooms, grunt_temple_overflow_open,
          shapermc_ecumenical_altar_gd, serial_shops, shop
D:4:      layout_basic, grunt_temple_overflow_gold_and_silver,
          minmay_temple_entry_overgrown

Skill      XL: |  1  2  3  4  5 |
---------------+----------------+-----
Dodging        | 2 |  2.4
Axes           | 3 4 |  4.1
Armour         | 2 |  2.4
Evocations     | 1 |  1.7
Stealth        | 1 |  1.0
Fighting       | |  3.8

Action                   |  1- 3 |  4- 6 || total
-------------------------+-------+-------++-------
Melee: Hand axe          |    12 |       ||    12
       War axe           |    73 |   103 ||   176
       Punch             |     2 |       ||     2
Invok: Berserk           |     2 |     2 ||     4
  Use: Scroll            |       |     3 ||     3
       Potion            |       |     2 ||     2
 Stab: Sleeping          |     1 |       ||     1
Armor: Animal skin       |     3 |       ||     3
       Scale mail        |    22 |    59 ||    81
Dodge: Dodged            |    48 |    65 ||   113
